 Dungeon Crawl Stone Soup version 0.17-a0-1519-g2001520 (webtiles) character file.

150 Chiseanne the Magician (level 5, -1/31 HPs)
             Began as an Octopode Air Elementalist on July 13, 2015.
             Slain by an orc
             ... wielding a +0 flail
              (5 damage)
             ... on level 4 of the Dungeon.
             The game lasted 00:11:14 (3752 turns).

Chiseanne the Magician (Octopode Air Elementalist)  Turns: 3752, Time: 00:11:15

Health: -1/31      AC:  1    Str:  7    XL:     5   Next: 32%
Magic:  0/10       EV: 12    Int: 18    God:
Gold:   269        SH:  0    Dex: 13    Spells: 4 memorised, 3 levels left

rFire  . . .     SeeInvis +     a - +3 short sword
rCold  . . .     Clarity  .     (no shield)
rNeg   . . .     SustAt   .     (helmet restricted)
rPois  .         Gourm    +     l - amulet of the gourmand
rElec  .         Spirit   .     h - ring of see invisible
rCorr  .         Warding  .     (no ring)
rMut   .         Stasis   .     (no ring)
MR     .....                    (no ring)
Stlth  +++.......               (no ring)
                                (no ring)
                                (no ring)
                                (no ring)

@: repel missiles, not resistant to hostile enchantments, fairly stealthy
A: almost no armour, amphibious, 8 rings, constrict 8, camouflage 1, gelatinous
body 1
a: no special abilities


You were on level 4 of the Dungeon.
You were not hungry.

You visited 1 branch of the dungeon, and saw 4 of its levels.

You collected 269 gold pieces.

Inventory:

Hand weapons
 a - a +3 short sword (weapon)
Missiles
 g - 5 arrows of flame
 k - 30 poisoned needles
 m - 20 sling bullets
 n - 4 tomahawks (quivered)
Jewellery
 h - a ring of see invisible (left tentacle)
 l - an amulet of the gourmand (around mantle)
Potions
 d - 5 potions of curing
 e - 2 potions of lignification
 i - a potion of might {unknown}
Books
 f - a book of Air

   Spells                             Type                      Level
   a - Shock                          Conjuration/Air              1
   b - Swiftness                      Charms/Air                   2
   c - Repel Missiles                 Charms/Air                   2
   d - Static Discharge               Conjuration/Air              3
   e - Lightning Bolt                 Conjuration/Air              5
Comestibles
 b - 2 bread rations
 j - a slice of pizza


   Skills:
 - Level 2.0 Dodging
 - Level 2.6 Stealth
 + Level 3.9 Spellcasting
 + Level 3.2 Conjurations
 - Level 3.0 Air Magic


You had 3 spell levels left.
You knew the following spells:

 Your Spells              Type           Power        Failure   Level  Hunger
a - Shock                 Conj/Air       ##..         4%          1    None
b - Repel Missiles        Chrm/Air       #.....       14%         2    ##.....
c - Swiftness             Chrm/Air       #.......     14%         2    ##.....
d - Static Discharge      Conj/Air       ##......     14%         3    ###....


Dungeon Overview and Level Annotations

Branches:
Dungeon (4/15)
 Temple: D:4-7

Altars:
Kikubaaqudgha

Annotations:
D:4 Dowan


Innate Abilities, Weirdness & Mutations

You cannot wear most types of armour.
You are amphibious.
You can wear up to eight rings at the same time.
You can use your tentacles to constrict eight enemies at once.
Your skin changes colour to match your surroundings (Stealth).
Your rubbery body absorbs attacks (AC +1).


Message History

Casting: Shock
Confirm with . or Enter, or press ? or * to list all spells.
Aiming: Shock
Press: ? - help, Shift-Dir - straight line, f - orc
Aim: an orc, wielding a flail The zap hits the orc.
The orc is severely wounded.
Casting: Shock
Confirm with . or Enter, or press ? or * to list all spells.
Aiming: Shock
Press: ? - help, Shift-Dir - straight line, f/p - orc
Aim: an orc, wielding a flail (severely wounded)
The zap hits the orc.
The orc is almost dead.
The orc hits you with a flail.
* * * LOW HITPOINT WARNING * * *
You barely miss the orc. Your grab misses the orc.
The orc is almost dead.
The orc hits you with a flail.
You die...

##### #.# #.# ....
....######.# #.#.....
..........(###.#.o...
.
###................_.
.. ###########..#....
.# #.)# . ..# #..# ..
#..####.####.
#..o@........
#.........###
###########


You could see an orc.

Vanquished Creatures
  Ijyb (D:2)
  5 adders
  An ooze (D:3)
  8 orcs
  5 ball pythons
  3 giant cockroaches
  8 hobgoblins
  A quokka (D:3)
  12 bats
  4 giant newts
  4 goblins
  10 kobolds
  4 rats
  2 fungi (D:2)
68 creatures vanquished.

Notes
Turn   | Place    | Note
--------------------------------------------------------------
     0 | D:1      | Chiseanne the Octopode Air Elementalist began the quest for the Orb.
     0 | D:1      | Reached XP level 1. HP: 11/11 MP: 3/3
   339 | D:1      | Reached XP level 2. HP: 17/17 MP: 3/5
   364 | D:1      | Learned a level 2 spell: Repel Missiles
   367 | D:1      | Learned a level 2 spell: Swiftness
   945 | D:1      | Reached XP level 3. HP: 21/21 MP: 2/7
  1358 | D:2      | Learned a level 3 spell: Static Discharge
  1933 | D:2      | Reached XP level 4. HP: 27/27 MP: 3/9
  2290 | D:3      | Noticed Ijyb
  2362 | D:2      | Killed Ijyb
  2585 | D:3      | Reached XP level 5. HP: 31/31 MP: 2/10
  3681 | D:4      | Noticed Dowan
  3720 | D:4      | Found an ancient bone altar of Kikubaaqudgha.
  3752 | D:4      | Slain by an orc

Vault maps used:
D:1:      lemuel_arrival_lava_pool, kennysheep_small_spiral,
          grunt_decor_one_mirror
D:2:      first_bread, moated_statue, minmay_gold_behind_fungi
D:3:      fountainhead, uniq_iyjb, uniq_grinder
D:4:      old_standard_altar, cheibriados_altar_1, serial_shops, shop,
          uniq_duvessa

Action                   |  1- 3 |  4- 6 || total
-------------------------+-------+-------++-------
Melee: Short sword       |    27 |    17 ||    44
 Cast: Shock             |    79 |    74 ||   153
       Repel Missiles    |     1 |       ||     1
       Static Discharge  |       |     5 ||     5
  Use: Scroll            |     8 |     4 ||    12
 Stab: Sleeping          |     4 |       ||     4
  Eat: Chunk             |     3 |     6 ||     9
       Royal jelly       |       |     1 ||     1
       Pizza             |       |     1 ||     1
